 Dungeon Crawl Stone Soup version 0.18-a0-1782-gb76a692 (webtiles) character file.

19095 epen the Corrupter of Planes (level 12, -7/91 (92) HPs)
             Began as a Demonspawn Abyssal Knight on Apr 17, 2016.
             Was the Champion of Lugonu.
             Killed from afar by a frost giant (10 damage)
             ... with a bolt of cold
             ... in an ice cave.
             The game lasted 00:43:42 (18552 turns).

epen the Corrupter of Planes (DsAK)                Turns: 18552, Time: 00:43:43

HP:   -7/91 (92)    AC: 15    Str: 16    XL:     12   Next: 33%
MP:   0/29          EV: 17    Int: 16    God:    Lugonu [******]
Gold: 601           SH:  8    Dex: 16    Spells: 0 memorised, 11 levels left

rFire  + . .     SeeInvis .     L - +8 falchion "Jurhustriutt" {speed, *Noise rPois Int+3}
rCold  + + +     Gourm    .     U - +0 steam dragon armour
rNeg   . . .     Faith    .     K - +3 buckler
rPois  +         Spirit   +     (no helmet)
rElec  .         Dismiss  .     W - +0 cloak
rCorr  .         Reflect  .     M - +0 pair of gloves
SustAt .         Harm     .     o - +0 pair of boots
MR     +....                    R - amulet "Cosku" {Spirit rF+ MP+9}
Stlth  +.........               D - ring of protection from cold
                                y - ring of protection from cold

@: starving, somewhat resistant to hostile enchantments, very unstealthy
A: claws 2, rough black scales 1, agile 1, blurry vision 1, cold resistance 1,
magic resistance 1, evolution 1, magic shield, freezing cloud immunity
a: Depart the Abyss, Bend Space, Banish, Corrupt, Enter the Abyss, Brand Weapon
With Distortion, Renounce Religion


You were in an ice cave.
You worshipped Lugonu.
Lugonu was exalted by your worship.
You were starving.

You visited 2 branches of the dungeon, and saw 12 of its levels.
You visited the Abyss 1 time.
You also visited: Ossuary and Ice Cave.

You collected 601 gold pieces.

Inventory:

Hand Weapons
 g - a +1 scimitar
 r - a +2 dagger of flaming
 L - the +8 falchion "Jurhustriutt" (weapon) {speed, *Noise rPois Int+3}
   (You found it on level 10 of the Dungeon)

   Attacks with this weapon are significantly faster.
   It affects your intelligence (+3).
   It protects you from poison.
   It may make noises in combat.
Missiles
 E - a throwing net (quivered)
Armour
 o - a +0 pair of boots (worn)
 K - a +3 buckler (worn)
 M - a +0 pair of gloves (worn)
 T - a +2 scale mail of fire resistance
 U - a +0 steam dragon armour (worn)
 W - a +0 cloak (worn)
Magical Staves
 S - an uncursed staff of air
 X - an uncursed staff of wizardry
Jewellery
 a - an uncursed amulet of the gourmand
 y - a ring of protection from cold (left hand)
 D - a ring of protection from cold (right hand)
 I - an uncursed ring of magical power
 P - an uncursed ring of protection from fire
 Q - a +4 amulet of reflection
 R - the amulet "Cosku" (around neck) {Spirit rF+ MP+9}
   (You found it on level 8 of the Dungeon)

   [amulet of guardian spirit]

   It causes incoming damage to be split between your health and magic.
   It protects you from fire.
   It affects your magic capacity (+9).
Wands
 v - a wand of flame (21/48)
 x - a wand of flame (44/48)
Scrolls
 b - 6 scrolls of identify
 c - 4 scrolls of fear
 d - 13 scrolls of remove curse
 j - 3 scrolls of random uselessness
 C - a scroll of amnesia
 F - 2 scrolls of fog
 N - 2 scrolls of recharging
Potions
 e - a potion of magic {unknown}
 f - a potion of lignification
 h - 3 potions of heal wounds
 i - 2 potions of invisibility {unknown}
 l - 2 potions of agility
 m - 2 potions of cure mutation
 n - 4 potions of brilliance
 s - 2 potions of flight
 t - 2 potions of haste
 u - a potion of mutation {unknown}
 z - 2 potions of might {unknown}
 A - 5 potions of curing
 G - 2 potions of cancellation {unknown}
Books
 q - a book of Callings

   Spells                             Type                      Level
   a - Summon Small Mammal            Summoning                    1
   b - Call Imp                       Summoning                    2
   c - Call Canine Familiar           Summoning                    3
   d - Summon Guardian Golem          Hexes/Summoning              3
   e - Summon Lightning Spire         Summoning/Air                4
   f - Summon Ice Beast               Ice/Summoning                4
 B - a book of Necromancy

   Spells                             Type                      Level
   a - Pain                           Necromancy                   1
   b - Animate Skeleton               Necromancy                   1
   c - Vampiric Draining              Necromancy                   3
   d - Regeneration                   Charms/Necromancy            3
   e - Animate Dead                   Necromancy                   4
   f - Control Undead                 Necromancy                   4
 O - a book of Spatial Translocations

   Spells                             Type                      Level
   a - Apportation                    Translocation                1
   b - Blink                          Translocation                2
   c - Shroud of Golubria             Charms/Translocation         2
   d - Portal Projectile              Translocation                3
   e - Teleport Other                 Translocation                3
   f - Passage of Golubria            Translocation                4
Comestibles
 k - 3 beef jerkies
 p - 4 meat rations
 w - 15 chunks of flesh
 J - 25 fruits


   Skills:
 + Level 7.9 Fighting
 * Level 10.4 Long Blades
 * Level 9.1 Armour
 + Level 7.2 Dodging
 - Level 3.8 Shields
 + Level 11.5 Invocations


You had 11 spell levels left.
You didn't know any spells.

Dungeon Overview and Level Annotations

Branches:
Dungeon (10/15)            Temple (0/1) D:5            Lair (2/8) D:9
    Orc (0/2) D:10

Altars:
Dithmenos
Elyvilon
Fedhas
Kikubaaqudgha
Makhleb
Nemelex Xobeh
Okawaru
Pakellas
Ru
Sif Muna
Trog
Vehumet
Xom
Yredelemnul

Shops:
D:9 :

Annotations:
Lair:1 exclusion: oklob plant
Abyss:1 Eustachio, Psyche


Innate Abilities, Weirdness & Mutations

You have very sharp fingernails.
You are partially covered in rough black scales (AC +4, Dex -1).
Your flesh is cold resistant.
When hurt, damage is shared between your health and your magic reserves.
You are immune to freezing clouds.
You are agile. (Dex +2)
Scrolls take you a little longer to read.
You are resistant to hostile enchantments.
You evolve.


Message History

* * * LOW HITPOINT WARNING * * *
Read which item? (? for menu, Esc to quit)
Really read with blurry vision while enemies are nearby?
The frost giant gestures at you while chanting.
The bolt of cold hits you! You resist.
* * * LOW HITPOINT WARNING * * *
You begin reading the scroll.
You continue reading the scroll.
The polar bear bites you but does no damage.
You block the polar bear's attack. The polar bear barely misses you.
The frost giant hits you with a battleaxe of freezing!!
* * * LOW HITPOINT WARNING * * *
The frost giant freezes you.
* * * LOW HITPOINT WARNING * * *
As you read the scroll of fear, it crumbles to dust.
You assume a fearsome visage.
The frost giant resists with almost no effort.
The polar bear looks frightened! x2
The frost giant gestures at you while chanting.
The bolt of cold hits you! You resist.
You die...

##..### ##....# ##
##...# ###..####.
≈##≈≈ #..###
###.†.###.##
#≈≈≈≈≈# ##...##
#...####.###
≈≈#≈#≈≈## ###..#
##...####.#†
≈≈≈≈≈≈≈≈####..##
###...##...
≈≈≈≈≈≈≈≈≈≈###..##
###....## #≈≈#≈≈≈≈
###..# ######
#####≈≈≈####@≈.##
###...##h≈≈#C§####
##..##h.≈#h≈≈≈##
#.h#####.h≈#≈≈≈#
###..# #######≈≈≈#
#...#..# #≈≈≈≈≈
h####### ##### ##


You could see a frost giant and 2 polar bears.

Vanquished Creatures
  A spiny frog (Lair:1)
  A rime drake (Lair:1)
  A komodo dragon (Lair:1)
  A troll (D:9)
  7 polar bears (IceCv)
  3 spriggans (D:5)
  A shadow (D:8)
  6 wraiths (D:8)
  24 yaks
  13 fire bats (D:8)
  A wyvern (D:10)
  2 hungry ghosts
  2 hippogriffs
  A steam dragon (D:8)
  Menkaure (D:7)
  3 porcupines
  4 water moccasins
  3 orc warriors
  7 ice beasts
  2 phantoms
  2 sky beasts
  A black bear (D:7)
  A necrophage (D:10)
  18 wolves
  3 ogres
  2 crocodiles
  A centaur (D:5)
  4 elf zombies (Ossuary)
  An elf skeleton (D:8)
  4 giant frogs
  A scorpion (D:10)
  9 wights
  4 howler monkeys
  6 crimson imps
  A giant frog zombie (D:6)
  6 centaur zombies
  A quasit (D:10)
  8 human zombies
  An orc priest (D:9)
  5 orc wizards
  5 hounds
  5 jellies
  A giant frog skeleton (D:8)
  Jessica (D:2)
  7 iguanas
  2 centaur skeletons
  7 worker ants
  2 hound skeletons
  A hound zombie (D:7)
  8 mummies
  2 worker ant zombies (D:5)
  3 gnolls
  A howler monkey skeleton (D:4)
  6 river rats (Lair:2)
  14 adders
  2 shadow imps
  An ooze (D:5)
  3 adder zombies
  An adder skeleton (D:6)
  A dart slug (D:1)
  5 worms
  10 giant geckos
  38 orcs
  A ball python (D:4)
  96 bats
  9 giant cockroaches
  7 hobgoblins
  8 kobolds
  10 quokkas
  2 giant cockroach zombies
  A giant gecko skeleton (D:5)
  A giant gecko zombie (D:8)
  3 giant newts (D:2)
  5 goblins
  3 quokka skeletons
  13 rats
448 creatures vanquished.

Vanquished Creatures (others)
  A hydra (Lair:1)
  A flayed ghost (D:8)
  4 spriggans (D:5)
  An orc warrior (D:6)
  An ogre (D:4)
  2 orc priests (D:5)
  2 adder skeletons (D:4)
  A quokka (D:4)
  A fungus (Lair:1)
  A plant (Lair:1)
  4 toadstools (Lair:1)
19 creatures vanquished.

Grand Total: 467 creatures vanquished

Notes
Turn   | Place    | Note
--------------------------------------------------------------
     0 | Abyss:1  | epen the Demonspawn Abyssal Knight began the quest for the Orb.
     0 | Abyss:1  | Reached XP level 1. HP: 18/18 MP: 2/2
    10 | D:1      | Escaped the Abyss
   438 | D:1      | Gained mutation: When hurt, damage is shared between your health and your magic reserves. [demonic ancestry]
   438 | D:1      | Reached XP level 2. HP: 24/24 MP: 4/4
   556 | D:1      | Reached skill level 3 in Invocations
   656 | D:1      | Reached skill level 1 in Dodging
  1250 | D:2      | Gained mutation: Your flesh is cold resistant. [demonic ancestry]
  1250 | D:2      | Reached XP level 3. HP: 28/29 MP: 5/5
  1267 | D:2      | Found a shimmering altar of Xom.
  1280 | D:2      | Reached ** piety under Lugonu
  1710 | D:2      | Found a sparkling altar of Nemelex Xobeh.
  1903 | D:2      | Gained mutation: You are immune to freezing clouds. [demonic ancestry]
  1903 | D:2      | Reached XP level 4. HP: 32/35 MP: 6/6
  1932 | D:2      | Reached skill level 4 in Invocations
  1967 | D:2      | Noticed Jessica
  1979 | D:2      | Killed Jessica
  2808 | D:2      | Reached XP level 5. HP: 21/41 MP: 4/8
  3412 | D:3      | Found a white marble altar of Elyvilon.
  3418 | D:3      | Reached skill level 5 in Invocations
  3702 | D:3      | Reached *** piety under Lugonu
  4303 | D:3      | Gained mutation: You have sharp fingernails. [demonic ancestry]
  4303 | D:3      | Reached XP level 6. HP: 34/47 MP: 5/10
  4753 | D:4      | Found a radiant altar of Vehumet.
  5124 | D:4      | Noticed a moth of wrath
  5127 | D:4      | Found a bloodstained altar of Trog.
  5234 | D:4      | Reached **** piety under Lugonu
  5370 | D:4      | Found a burning altar of Makhleb.
  5370 | D:4      | Found an oddly glowing altar of Pakellas.
  5425 | D:4      | Reached skill level 6 in Invocations
  5757 | D:5      | Entered Level 5 of the Dungeon
  5959 | D:5      | Noticed Eustachio
  5965 | D:5      | Banished Eustachio
  5965 | D:5      | Gained mutation: You are partially covered in rough black scales (AC +4, Dex -1). [demonic ancestry]
  5965 | D:5      | Reached XP level 7. HP: 52/52 MP: 11/11
  6100 | D:5      | Noticed a spriggan
  6107 | D:5      | Banished a spriggan
  6151 | D:5      | Noticed a spriggan
  6152 | D:5      | Noticed a spriggan
  6162 | D:5      | Banished a spriggan
  6215 | D:5      | Killed a spriggan
  6215 | D:5      | Reached skill level 7 in Invocations
  6459 | D:5      | Reached skill level 5 in Long Blades
  6465 | D:5      | Noticed a spriggan
  6466 | D:5      | Banished a spriggan
  6495 | D:5      | Reached XP level 8. HP: 41/60 MP: 7/13
  7288 | D:5      | Reached skill level 8 in Invocations
  8036 | D:5      | Found a staircase to the Ecumenical Temple.
  8874 | D:6      | Found a deep blue altar of Sif Muna.
  9315 | D:6      | Reached XP level 9. HP: 67/67 MP: 15/15
  9570 | D:7      | Found a sparkling altar of Nemelex Xobeh.
  9626 | D:7      | Noticed Menkaure
  9708 | D:7      | Killed Menkaure
  9708 | D:7      | Reached skill level 1 in Shields
  9974 | D:7      | Reached skill level 5 in Fighting
 10569 | D:7      | Found a basalt altar of Yredelemnul.
 10582 | D:7      | Reached skill level 9 in Invocations
 10724 | D:7      | Found a sacrificial altar of Ru.
 10933 | D:7      | Reached skill level 5 in Armour
 11610 | D:8      | Found a sand-covered staircase.
 11846 | Ossuary  | Entered an ossuary
 11942 | Ossuary  | Reached skill level 5 in Dodging
 12004 | Ossuary  | Reached XP level 10. HP: 75/76 MP: 17/17
 12208 | D:8      | Found a runed door.
 12465 | D:8      | Found a deep blue altar of Sif Muna.
 12555 | D:8      | Reached ***** piety under Lugonu
 12584 | D:8      | Found an ancient bone altar of Kikubaaqudgha.
 12747 | D:8      | Found a blossoming altar of Fedhas.
 13112 | D:8      | Found a shimmering altar of Xom.
 13168 | D:8      | Found a white marble altar of Elyvilon.
 13267 | D:8      | Reached skill level 10 in Invocations
 13302 | D:8      | Reached ****** piety under Lugonu
 13314 | D:8      | Found a blossoming altar of Fedhas.
 13378 | D:8      | Noticed a flayed ghost
 13379 | D:8      | Banished a flayed ghost
 13384 | D:8      | Got a transparent tin amulet
 13643 | D:8      | Identified the amulet "Cosku" {Spirit rF+ MP+9} (You found it on level 8 of the Dungeon)
 13962 | D:8      | Reached XP level 11. HP: 77/83 MP: 18/18
 14005 | D:8      | Found an ancient bone altar of Kikubaaqudgha.
 14109 | D:8      | Found a radiant altar of Vehumet.
 14168 | D:8      | Found a shadowy altar of Dithmenos.
 14249 | D:9      | Found a bloodstained altar of Trog.
 14561 | D:9      | Found Darhy's Book Shoppe.
 14641 | D:9      | Found a blossoming altar of Fedhas.
 14867 | D:9      | Noticed Psyche
 14878 | D:9      | Banished Psyche
 14913 | D:9      | Gained mutation: Your spells are a little easier to cast, but a little less powerful. [mutagenic meat]
 14914 | D:9      | Gained mutation: You are resistant to hostile enchantments. [mutagenic meat]
 14915 | D:9      | Gained mutation: You evolve. [mutagenic meat]
 14916 | D:9      | Gained mutation: Scrolls take you a little longer to read. [mutagenic meat]
 14917 | D:9      | Lost mutation: Your spells are a little easier to cast, but a little less powerful. [mutagenic meat]
 15025 | D:9      | Found a staircase to the Lair.
 15429 | D:9      | Found an iron altar of Okawaru.
 15472 | D:10     | Entered Level 10 of the Dungeon
 15666 | D:10     | Found a staircase to the Orcish Mines.
 15789 | D:10     | Got a slimy falchion
 15791 | D:10     | Identified the +8 falchion "Jurhustriutt" {speed, *Noise rPois Int+3} (You found it on level 10 of the Dungeon)
 16090 | Lair:1   | Entered Level 1 of the Lair of Beasts
 16360 | Lair:1   | Gained mutation: You are agile. (Dex +2) [evolution]
 16752 | Lair:1   | Noticed a five-headed hydra
 16770 | Lair:1   | Banished a five-headed hydra
 17185 | Lair:1   | Found a blossoming altar of Fedhas.
 17207 | Lair:1   | Noticed an oklob plant
 17544 | Lair:2   | Reached skill level 11 in Invocations
 17798 | Lair:2   | Found a frozen archway.
 17828 | IceCv    | Entered an ice cave
 17918 | IceCv    | Gained mutation: You have very sharp fingernails. [demonic ancestry]
 17918 | IceCv    | Reached XP level 12. HP: 81/90 MP: 20/20
 17962 | IceCv    | Reached skill level 10 in Long Blades
 18501 | IceCv    | Noticed a frost giant
 18549 | IceCv    | HP: 4/91 [frost giant/battleaxe of freezing (19)]
 18552 | IceCv    | Killed from afar by a frost giant

Vault maps used:
D:1:      dpeg_arrival_prison
D:2:      lemuel_doored_altar, marbit_many_paths, uniq_jessica
D:3:      lemuel_coloured_pillars_altar, wad_orctagon
D:4:      tgw_trog, fiery_altar_vehumet, gammafunk_temple_overflow_elements,
          first_bread, roderic_nine_men_s_morris, solitary_fountain
D:5:      forest_paths, minmay_temple_entry_fiery, grunt_ministairs_15,
          uniq_eustachio
D:6:      nicolae_overflow_crystal_walls
D:7:      overflow_temple_1_default, old_standard_altar,
          nemelex_xobeh_ov_fountains_minmay, uniq_menkaure
D:8:      due_megacathedral, lemuel_mausoleum_altar_kikubaaqudgha,
          lemuel_round_altar, nicolae_ossuary_entry_false_entrances, basic_altar
D:9:      kennysheep_little_box, lair_0_dummy, serial_shops, nicolae_shop_trees,
          hangedman_tree_tricks, trog_butcher_becter, uniq_psyche
D:10:     orc_0_dummy
Lair:1:   serial_bayou_pond_d, tgw_fedhas, grunt_megastairs_4, lemuel_fruit_tree
Lair:2:   portal_ice_cave_entry_ice_beasts, minmay_stone_trees_medium,
          worms_lemuel, serial_bayou_shore_b, grunt_megastairs_3
Ossuary:  ossuary_minmay_four_chambers
IceCv:    ice_cave_caverns_03

Skill      XL: |  1  2  3  4  5  6  7  8  9 10 11 12 |
---------------+-------------------------------------+-----
Long Blades    | 2 3 4 5 6 7 8 9 10 | 10.4
Invocations    | 3 4 5 6 7 8 9 10 11 | 11.5
Dodging        | 1 2 3 4 5 6 7 |  7.2
Armour         | 2 4 5 7 8 9 |  9.1
Fighting       | 4 5 6 7 |  7.9
Shields        | 2 3 |  3.8

Action                   |  1- 3 |  4- 6 |  7- 9 | 10-12 || total
-------------------------+-------+-------+-------+-------++-------
Melee: Falchion          |   122 |   321 |       |   552 ||   995
       Long sword        |       |    32 |   398 |       ||   430
       Unarmed           |       |       |    38 |       ||    38
       Dagger            |       |       |   228 |     5 ||   233
       Scimitar          |       |       |   125 |   978 ||  1103
Invok: Banish            |       |     1 |    10 |    11 ||    22
Evoke: Wand              |       |       |     2 |       ||     2
  Use: Scroll            |       |     9 |     9 |     5 ||    23
       Potion            |       |       |     1 |     1 ||     2
 Stab: Invisible         |       |       |       |     3 ||     3
       Distracted        |       |       |       |     1 ||     1
  Eat: Chunk             |     3 |     9 |    12 |    23 ||    47
       Bread ration      |       |     1 |     3 |     1 ||     5
       Meat ration       |       |       |     1 |     1 ||     2
Armor: Leather armour    |    28 |       |       |       ||    28
       Scale mail        |     7 |   109 |   274 |   590 ||   980
       Ring mail         |       |    39 |       |       ||    39
       Skin              |       |       |    48 |       ||    48
       Steam dragon armo |       |       |       |    76 ||    76
Dodge: Dodged            |    70 |   216 |   270 |   801 ||  1357
Block: Other             |     6 |    41 |    19 |       ||    66
       Buckler           |       |       |   196 |   830 ||  1026
